 Dungeon Crawl Stone Soup version 0.23.2-30-g0e89c35649 (webtiles) character file.

Game seed: 1852813940521759614

46 Grothbar the Ruffian (level 3, -1/30 HPs)
             Began as a Ghoul Gladiator on June 15, 2019.
             Slain by a gnoll
             ... wielding a +0 halberd
              (6 damage)
             ... on level 2 of the Dungeon.
             The game lasted 00:01:54 (1177 turns).

Grothbar the Ruffian (Ghoul Gladiator)              Turns: 1177, Time: 00:01:55

Health: -1/30      AC:  4    Str: 18    XL:     3   Next: 68%
Magic:  2/2        EV: 12    Int:  3    God:
Gold:   68         SH:  0    Dex: 10    Spells: 2/2 levels left

rFire    . . .     SeeInvis .     - Unarmed
rCold    + . .     Gourm    .   (no shield)
rNeg     + + +     Faith    .   a - +0 leather armour
rPois    ∞         Spirit   .   b - +0 helmet
rElec    .         Reflect  .   (no cloak)
rCorr    .         Harm     .   (no gloves)
MR       .....                  (no boots)
Stlth    +.........             (no amulet)
HPRegen  0.00/turn              (no ring)
MPRegen  0.08/turn              (no ring)

@: rotting
A: rotting body, claws 1, carnivore, cold resistance 1, negative energy
resistance 3, inhibited regeneration, torment resistance, unbreathing
a: no special abilities


You were on level 2 of the Dungeon.
You were not hungry.

You visited 1 branch of the dungeon, and saw 3 of its levels.

You collected 68 gold pieces.

Inventory:

Missiles
 c - 3 throwing nets (quivered)
Armour
 a - a +0 leather armour (worn)
 b - a +0 helmet (worn)
Jewellery
 j - an uncursed amulet of the gourmand {unknown}
Scrolls
 e - 2 scrolls of identify {unknown}
 f - a scroll of teleportation {unknown}
Potions
 g - a potion of brilliance {unknown}
 h - a potion of agility {unknown}
Comestibles
 d - 3 rations
 i - 3 chunks of flesh


   Skills:
 + Level 2.3 Fighting
 - Level 1.7 Throwing
 - Level 2.7 Dodging
 * Level 1.9 Stealth
 + Level 4.3 Unarmed Combat


You had 2 spell levels left.
You didn't know any spells.
Your spell library was empty.

Dungeon Overview and Level Annotations

Branches:
Dungeon (3/15)

Altars:
Ashenzari


Innate Abilities, Weirdness & Mutations

Your body is rotting away.
You thrive on raw meat.
You are immune to poison.
You have sharp fingernails.
You are carnivorous and can eat meat at any time.
Your flesh is cold resistant. (rC+)
You are immune to negative energy. (rN+++)
You do not regenerate when monsters are visible.
You are immune to unholy pain and torment.
You can survive without breathing.


Message History

You scratch the gnoll.
The gnoll is heavily wounded.
The gnoll hits you with a +0 flail.
You scratch the gnoll but do no damage.
The gnoll is heavily wounded.
The gnoll barely misses you. The gnoll hits you with a +0 flail.
A ball python comes into view.
You barely miss the gnoll.
The gnoll is heavily wounded.
The ball python hisses angrily.
The gnoll closely misses you.
You claw the gnoll!
You kill the gnoll!
The gnoll hits you with a +0 halberd.
You barely miss the gnoll. The gnoll hits you with a +0 halberd!
* * * LOW HITPOINT WARNING * * *
The gnoll closely misses you.
Found a shattered altar of Ashenzari.
The gnoll hits you from afar with a +0 halberd.
You die...

#####
#########...###############
.....S)...................#
##.###+###.......########.#
#..............#.#
##.###gS.....######.#.#
.._###..g.........#.#.# .
##.###..#..######.#.#.# ..
#...@......#.#.#.#
#.###+###..#######.#.#.#.#
.#..................#.#.#[#
....................>.#.#.#
..........................#
######.#.#####.####.##.###
#.#.#.....# #.##.#
#.#.#...... #.##.#
######.#.#......# #.##.#


You could see a gnoll and a ball python.

Vanquished Creatures
  A gnoll (D:2)
  An adder (D:3)
  A worm (D:2)
  A dart slug (D:2)
  A leopard gecko (D:3)
  3 bats
  A giant cockroach (D:2)
  3 hobgoblins
  2 jackals (D:1)
  2 kobolds (D:1)
  2 frilled lizards
  2 goblins (D:1)
  4 rats
24 creatures vanquished.

Notes
Turn   | Place    | Note
-------+----------+-------------------------------------------
     0 | D:1      | Grothbar the Ghoul Gladiator began the quest for the Orb.
     0 | D:1      | Reached XP level 1. HP: 17/17 MP: 0/0
   309 | D:1      | Reached XP level 2. HP: 18/23 MP: 1/1
   537 | D:1      | Reached skill level 1 in Stealth
   920 | D:3      | Reached skill level 4 in Unarmed Combat
   920 | D:3      | Reached XP level 3. HP: 7/30 MP: 2/2
  1173 | D:2      | Found a shattered altar of Ashenzari.
  1177 | D:2      | Slain by a gnoll

Skill      XL: |  1  2 |
---------------+-------+-----
Stealth        | 1 |  1.9
Unarmed Combat | 4 |  4.3
Fighting       | |  2.3
Throwing       | |  1.7
Dodging        | |  2.7

Action                   || total
-------------------------++-------
Melee: Unarmed           ||    94
 Stab: Sleeping          ||     1
  Eat: Chunk             ||     3
Armor: Leather armour    ||    20
Dodge: Dodged            ||    67
